AoeStats
← Voldur

Black Forest

510612481Analyzed
2v2 RM · 2d ago on Oct 1, 2026· 95m 3s· 4 players
Game mode
Random Map
Map size
Medium (4 player)
Population
200
Speed
Normal
Resources
Standard
Victory
Conquest
Starting age
Dark Age
Ending age
Imperial Age
RankedLock teamsTeams togetherTeam positionsShared explorationLock speedFull tech treeHidden civsTurbo modeCheats
Victory
Defeat
🇮🇳 Slavs · India
786
+15
🇫🇷 Burgundians · France
687
+20
🇺🇸 Persians · United States
799
-19
🇲🇽 Varangians · Mexico
735
-16
IsackGtz
0:38 Loom
14:10 Feudal Age
15:38 Double-Bit Axe
15:35 Horse Collar
15:50 Gold Mining
15:50 Stone Mining
22:10 Arson
24:58 Castle Age
24:00 Forging
23:50 Scale Mail Armor
25:00 Fletching
25:16 Scale Barding Armor
26:05 Bloodlines
28:37 Heavy Plow
28:49 Bow Saw
29:21 Stone Shaft Mining
33:41 Imperial Age
31:50 Masonry
32:20 Wheelbarrow
31:58 Masonry
32:30 Fortified Wall
32:03 Treadmill Crane
33:59 Hand Cart
33:29 Town Watch
35:12 Conscription
35:20 Town Patrol
36:15 Crop Rotation
36:08 Elite Varangian Guard
36:39 Gambesons
36:54 Squires
38:15 Two-Man Saw
38:03 Iron Casting
37:43 Chain Mail Armor
37:57 Chain Mail Armor
39:47 Blast Furnace
39:17 Plate Mail Armor
39:23 Architecture
39:15 Ballistics
38:51 Murder Holes
39:55 Gothikon
42:22 Chemistry
41:23 Bodkin Arrow
42:05 Chain Barding Armor
42:12 Bracer
42:20 Husbandry
42:52 Capped Ram
43:29 Elite Jarl
45:28 Caravan
45:46 Guilds
63:37 Fervor
67:17 Pikeman
69:25 Halberdier
70:45 Plate Barding Armor
88:36 Heavy Scorpion
simonfrazier0
12:21 Feudal Age
15:04 Wheelbarrow
16:54 Castle Age
16:29 Wheelbarrow
15:40 Double-Bit Axe
15:37 Horse Collar
19:09 Loom
26:12 Heavy Plow
28:12 Bow Saw
27:59 Gold Mining
30:33 Hand Cart
30:45 Caravan
31:11 Stone Mining
31:56 Gold Shaft Mining
32:02 Gold Shaft Mining
33:28 Stone Shaft Mining
35:30 Imperial Age
34:58 Kamandaran
34:28 Crossbowman
35:01 Fletching
35:12 Padded Archer Armor
35:25 Thumb Ring
35:32 Kamandaran
35:56 Bodkin Arrow
36:49 Leather Archer Armor
38:19 Ballistics
39:39 Two-Man Saw
39:12 Crop Rotation
38:51 Elite Skirmisher
40:02 Ring Archer Armor
41:50 Forging
41:45 Scale Barding Armor
42:10 Light Cavalry
43:01 Bloodlines
42:52 Husbandry
43:02 Hussar
44:19 Iron Casting
44:05 Chain Barding Armor
46:38 Capped Ram
57:12 Elite War Elephant
58:45 Scale Mail Armor
58:07 Pikeman
devil
0:34 Loom
12:31 Feudal Age
14:04 Wheelbarrow
18:53 Castle Age
16:58 Double-Bit Axe
16:56 Horse Collar
21:06 Heavy Plow
23:33 Town Watch
24:28 Bow Saw
29:51 Imperial Age
27:52 Gold Mining
28:47 Wheelbarrow
28:53 Caravan
28:19 Man-at-Arms
29:00 Squires
29:41 Long Swordsman
29:42 Pikeman
31:24 Conscription
31:51 Gold Shaft Mining
31:48 Hand Cart
31:55 Two-Handed Swordsman
32:58 Forging
32:49 Scale Mail Armor
32:55 Scale Barding Armor
32:36 Onager
34:56 Druzhina
34:58 Champion
35:50 Halberdier
39:14 Iron Casting
38:55 Chain Mail Armor
40:36 Chemistry
39:57 Ballistics
40:48 Siege Onager
43:50 Blast Furnace
43:11 Chain Barding Armor
44:11 Elite Boyar
47:48 Detinets
50:13 Plate Mail Armor
52:59 Town Patrol
53:11 Elite Skirmisher
55:32 Fletching
55:43 Padded Archer Armor
60:30 Heavy Scorpion
61:22 Heavy Scorpion
66:48 Bodkin Arrow
67:28 Plate Barding Armor
67:11 Leather Archer Armor
67:30 Bloodlines
66:42 Cavalier
71:22 Stone Mining
74:36 Siege Engineers
79:20 Ring Archer Armor
85:33 Murder Holes
Voldur
4:58 Double-Bit Axe
6:23 Wheelbarrow
9:18 Loom
9:30 Horse Collar
12:42 Feudal Age
12:14 Gold Mining
13:53 Bow Saw
18:16 Castle Age
16:56 Heavy Plow
19:57 Two-Man Saw
19:58 Guilds
22:38 Hand Cart
24:39 Caravan
25:04 Stone Mining
29:02 Stone Shaft Mining
29:03 Gold Shaft Mining
29:54 Forging
29:50 Scale Barding Armor
30:25 Cavalier
31:07 Husbandry
31:35 Town Watch
31:36 Loom
35:13 Imperial Age
32:51 Town Patrol
33:31 Burgundian Vineyards
34:58 Chain Barding Armor
35:14 Iron Casting
35:36 Crop Rotation
35:20 Paladin
36:23 Conscription
36:45 Plate Barding Armor
37:40 Coinage
38:14 Blast Furnace
37:40 Squires
37:26 Treadmill Crane
38:30 Onager
39:57 Banking
56:20 Elite Coustillier
77:24 Herbal Medicine
79:45 Capped Ram
Connection lost

Rejoining the realm…

Still unreachable

The connection could not be restored.

Session expired

The server has moved on; the page needs a fresh start.